 Dungeon Crawl Stone Soup version 0.14-a0-1029-g9530a8b (webtiles) character file.

214 PolkaDot the Ruinous (level 4, -1/30 HPs)
             Began as a Vampire Conjurer on Nov 23, 2013.
             Killed from afar by an orc wizard (3 damage)
             ... with a magic dart
             ... on Level 3 of the Dungeon.
             The game lasted 00:10:32 (2484 turns).

PolkaDot the Ruinous (Vampire Conjurer)             Turns: 2484, Time: 00:10:33

HP  -1/30        AC  4     Str  7      XL: 4   Next: 18%
MP   0/8         EV 12     Int 18      God:
Gold 134         SH  0     Dex 14      Spells:  2 memorised,  2 levels left

Res.Fire  : . . .   See Invis. : +   n - +0,+1 long sword (drain)
Res.Cold  : . . .   Warding    : .   a - +0 robe
Life Prot.: . . .   Conserve   : .   (no shield)
Res.Poison: .       Res.Corr.  : .   (no helmet)
Res.Elec. : .       Clarity    : .   h - +0 cloak
Sust.Abil.: . .     Spirit.Shd : .   (no gloves)
Res.Mut.  : .       Stasis     : .   p - +0 pair of boots
Res.Rott. : .       Flight     : .   m - amulet of rage
Saprovore : . . .                    o - ring of regeneration
                                     g - ring of see invisible

@: regenerating quickly, very slightly contaminated, hasted, very quick,
slightly resistant to hostile enchantments, stealthy
A: fangs 3, see invisible, unbreathing
a: Evoke Berserk Rage


You were on level 3 of the Dungeon.
You were full.

You visited 1 branch of the dungeon, and saw 3 of its levels.

You collected 134 gold pieces.

Inventory:

Hand weapons
 i - a +1,+0 elven spear
 n - a +0,+1 long sword of draining (weapon)
Armour
 a - a +0 robe (worn)
 h - a +0 cloak (worn)
 p - a +0 pair of boots (worn)
Magical devices
 k - a wand of random effects (9) {unknown}
Scrolls
 b - a scroll of enchant weapon I {unknown}
 d - a scroll of recharging {unknown}
 e - 2 scrolls of fear {unknown}
 f - 2 scrolls of magic mapping {unknown}
 j - a scroll of remove curse {unknown}
 r - 3 scrolls of curse jewellery {unknown}
 t - a scroll of random uselessness {unknown}
 u - a scroll of teleportation {unknown}
Jewellery
 g - a ring of see invisible (left hand)
 m - an amulet of rage (around neck)
 o - a ring of regeneration (right hand)
Potions
 l - a potion of speed
Books
 c - a book of Conjurations

   Spells                             Type                      Level
   *Magic Dart                        Conjuration                  1
   *Searing Ray                       Conjuration                  2
   Dazzling Spray                     Conjuration/Hexes            3
   Iskenderun's Mystic Blast          Conjuration                  4
   Iskenderun's Battlesphere          Conjuration/Charms           4
   Fulminant Prism                    Conjuration/Hexes            5


   Skills:
 - Level 2.1 Dodging
 - Level 3.0 Stealth
 - Level 1.0 Spellcasting
 * Level 4.3 Conjurations


You had 2 spell levels left.
You knew the following spells:

 Your Spells              Type           Power        Failure   Level  Hunger
a - Magic Dart            Conj           ###.         3%          1    ##.....
s - Searing Ray           Conj           ###...       6%          2    ###....


Dungeon Overview and Level Annotations

Branches:
Dungeon (3/16)

Altars:


Innate Abilities, Weirdness & Mutations

Your natural rate of healing is unusually fast.
You have razor-sharp teeth.*
You have supernaturally acute eyesight.
You can survive without breathing.*


Message History

Confirm with . or Enter, or press ? or * to list all spells.
Aiming: Searing Ray
Press: ? - help, Shift-Dir - straight line, f - orc
Aim: an orc, wielding an orcish flail The searing ray hits the orc.
The orc is heavily wounded.
The searing ray hits the orc.
You kill the orc!
The orc hits you from afar with an orcish trident.
* * * LOW HITPOINT WARNING * * *
The searing ray hits the orc.
The orc is almost dead.
The searing ray hits the orc.
You kill the orc!
The searing ray hits the orc wizard.
The orc wizard is severely wounded.
* * * LOW MAGIC WARNING * * *
The orc wizard gestures at you while chanting.
The magic dart hits you!
You die...

#......###.###.........#.###
#.[.....)..............#.# #
#......###.###.........#.# #
#......# #.# #.........#.###
#....<.# #.# #.........#.##.
#......# #.# #.........#.##.
#......# #.# #####.#.###.##.
...#######
#.#######)#.###.##. ..
#.@))oo..(.........
######.l...........
.##.#.###.##. .# #.##. #.##.
#.##. #.### #.# ...


You could see an orc wizard (invisible), an orc and a giant newt.

Vanquished Creatures
  2 worms
  3 giant geckos
  An ooze (D:1)
  3 orcs (D:3)
  Terence (D:2)
  7 bats
  4 giant cockroaches
  7 goblins
  6 hobgoblins
  7 jackals
  A quokka (D:2)
  9 kobolds
  3 rats
54 creatures vanquished.

Notes
Turn   | Place    | Note
--------------------------------------------------------------
     0 | D:1      | PolkaDot, the Vampire Conjurer, began the quest for the Orb.
     0 | D:1      | Reached XP level 1. HP: 13/13 MP: 4/4
   287 | D:1      | Reached XP level 2. HP: 19/19 MP: 1/5
   886 | D:1      | Learned a level 2 spell: Searing Ray
  1034 | D:2      | Reached XP level 3. HP: 24/24 MP: 4/6
  1400 | D:2      | Reached skill level 4 in Conjurations
  1822 | D:2      | Noticed Terence
  1832 | D:2      | Killed Terence
  2265 | D:3      | Reached XP level 4. HP: 26/30 MP: 2/8
  2477 | D:3      | Paralysed by a potion of paralysis for 3 turns
  2482 | D:3      | HP: 1/30 [orc/orcish trident (6)]
  2484 | D:3      | Killed from afar by an orc wizard

Action                   |  1- 3 |  4- 6 || total
-------------------------+-------+-------++-------
Melee: Unarmed           |    38 |       ||    38
       Spear             |    47 |       ||    47
       Long sword        |    25 |     5 ||    30
 Cast: Magic Dart        |    53 |     1 ||    54
       Searing Ray       |    11 |     3 ||    14
  Use: Potion            |     4 |     3 ||     7
